AoeStats
← KootH.

Arena

507269840Analyzed
4v4 RM · 14d ago on Sep 17, 2026· 34m 31s· 8 players
Game mode
Random Map
Map size
Large (8 player)
Population
200
Speed
Normal
Resources
Standard
Victory
Conquest
Starting age
Dark Age
Ending age
Imperial Age
RankedLock teamsTeams togetherTeam positionsShared explorationLock speedFull tech treeHidden civsTurbo modeCheats
Victory
Defeat
🇸🇬 Mapuche · Singapore
1464
+13
🇨🇴 Cumans · Colombia
1407
+15
🇨🇳 Bohemians · China
1388
+16
🇦🇷 Portuguese · Argentina
1367
+17
🇸🇪 Byzantines · Sweden
1414
-16
🇪🇸 Bengalis · Spain
1402
-16
🇩🇪 Georgians · Germany
1389
-15
🇳🇬 Britons · Nigeria
1369
-14
TdB.victor2.01
10:02 Feudal Age
13:59 Castle Age
12:16 Horse Collar
12:25 Loom
13:23 Double-Bit Axe
21:11 Heavy Plow
22:34 Wheelbarrow
26:09 Elite Skirmisher
27:40 Fletching
27:50 Padded Archer Armor
30:59 Imperial Age
29:49 Bodkin Arrow
30:10 Leather Archer Armor
29:47 Heated Shot
30:27 Ballistics
31:54 Bracer
31:46 Elite Elephant Archer
33:10 Ring Archer Armor
34:53 Chemistry
34:20 Paiks
DrPiecemaker
10:49 Feudal Age
14:35 Castle Age
12:32 Double-Bit Axe
12:44 Horse Collar
15:33 Bow Saw
15:32 Heavy Plow
19:28 Loom
20:18 Fortified Wall
22:33 Wheelbarrow
22:01 Fletching
24:05 Bodkin Arrow
26:26 Scale Barding Armor
28:11 Forging
28:59 Husbandry
34:00 Imperial Age
32:05 Bloodlines
31:56 Husbandry
34:42 Chain Barding Armor
34:23 Gold Mining
Jardel
10:45 Feudal Age
14:50 Castle Age
12:58 Double-Bit Axe
13:31 Horse Collar
D_Baron
10:50 Feudal Age
11:38 Town Watch
14:40 Castle Age
13:20 Double-Bit Axe
13:16 Horse Collar
17:37 Bow Saw
anirone7589
10:47 Feudal Age
11:54 Double-Bit Axe
12:06 Horse Collar
14:33 Castle Age
15:25 Heavy Plow
15:39 Bow Saw
21:22 Wheelbarrow
21:44 Town Watch
21:45 Loom
23:21 Gold Mining
23:25 Stone Mining
23:32 Champi Runner
24:34 Forging
24:20 Arson
24:15 Champi Warrior
26:43 Iron Casting
32:37 Imperial Age
31:55 Scale Mail Armor
33:31 Chain Mail Armor
32:40 Elite Champi Warrior
34:50 Blast Furnace
35:41 Plate Mail Armor
KootH.
8:48 Feudal Age
9:28 Double-Bit Axe
9:25 Horse Collar
19:34 Castle Age
20:58 Wheelbarrow
20:35 Bow Saw
20:27 Heavy Plow
20:58 Bloodlines
26:05 Imperial Age
23:43 Gold Mining
26:05 Elite Steppe Lancer
27:27 Forging
27:22 Scale Barding Armor
28:59 Iron Casting
32:04 Blast Furnace
31:54 Chain Barding Armor
35:46 Plate Barding Armor
逝
0:30 Loom
9:21 Feudal Age
15:14 Castle Age
13:56 Double-Bit Axe
14:57 Horse Collar
34:04 Imperial Age
32:54 Wheelbarrow
33:14 Bow Saw
34:22 Chemistry
33:42 Ballistics
33:42 Fervor
34:55 Hand Cart
MatRm10
10:28 Feudal Age
14:36 Castle Age
12:47 Double-Bit Axe
14:36 Stone Mining
15:13 Horse Collar
16:46 Bow Saw
18:17 Loom
19:42 Heavy Plow
21:31 Wheelbarrow
21:49 Circumnavigation
23:53 Gold Mining
25:04 Stone Shaft Mining
24:55 Fervor
30:38 Imperial Age
28:11 Padded Archer Armor
28:52 Hand Cart
29:36 Leather Archer Armor
29:25 Murder Holes
30:20 Ballistics
30:44 Fletching
32:24 Chemistry
32:00 Conscription
32:21 Arquebus
34:34 Ring Archer Armor
34:28 Elite Organ Gun
Connection lost

Rejoining the realm…

Still unreachable

The connection could not be restored.

Session expired

The server has moved on; the page needs a fresh start.